 Dungeon Crawl Stone Soup version 0.23.2-11-gf996548c65 (webtiles) character file.

Game seed: 11388619267392506071

256 Nattfarinn the Poker (level 5, -4/47 HPs)
             Began as a Minotaur Fighter on June 5, 2019.
             Was an Initiate of Okawaru.
             Slain by an iguana (9 damage)
             ... on level 4 of the Dungeon.
             The game lasted 00:04:03 (1779 turns).

Nattfarinn the Poker (Minotaur Fighter)             Turns: 1779, Time: 00:04:04

Health: -4/47      AC:  9    Str: 21    XL:     5   Next: 92%
Magic:  4/4        EV:  7    Int:  5    God:    Okawaru [......]
Gold:   163        SH:  9    Dex: 10    Spells: 4/4 levels left

rFire    . . .     SeeInvis .   a - +0 trident
rCold    . . .     Gourm    .   c - +0 shield
rNeg     . . .     Faith    +   b - +0 scale mail
rPois    .         Spirit   .   (helmet restricted)
rElec    .         Reflect  .   h - +0 cloak
rCorr    .         Harm     .   (no gloves)
MR       .....                  j - +0 pair of boots
Stlth    ..........             q - amulet of faith
HPRegen  0.15/turn              (no ring)
MPRegen  0.09/turn              (no ring)

@: no status effects
A: retaliatory headbutt, horns 2
a: Renounce Religion


You were on level 4 of the Dungeon.
You worshipped Okawaru.
Okawaru was noncommittal.
You were not hungry.

You visited 1 branch of the dungeon, and saw 4 of its levels.

You collected 163 gold pieces.

Inventory:

Hand Weapons
 a - a +0 trident (weapon)
Armour
 b - a +0 scale mail (worn)
 c - a +0 shield (worn)
 h - a +0 cloak (worn)
 j - a +0 pair of boots (worn)
Jewellery
 q - an amulet of faith (around neck)
Scrolls
 e - 3 scrolls of remove curse {unknown}
 i - 2 scrolls of identify {unknown}
 l - a scroll of enchant weapon {unknown}
 m - 4 scrolls of teleportation {unknown}
 n - a scroll of noise {unknown}
 o - a scroll of fog {unknown}
Potions
 d - a potion of might
 k - a potion of invisibility {unknown}
 p - a potion of resistance {unknown}
 r - 2 potions of agility {unknown}
 s - a potion of flight {unknown}
Comestibles
 f - 10 rations
 g - 6 chunks of flesh


   Skills:
 + Level 4.8 Fighting
 * Level 5.1 Polearms
 + Level 4.9 Armour
 + Level 4.8 Shields


You had 4 spell levels left.
You didn't know any spells.
Your spell library contained the following spells:

 Spells                   Type           Power        Failure   Level  Hunger
 Confusing Touch          Hex            #.....       99%         1    ##.....
 Confuse                  Hex            #.......     100%        3    ####...
 Gell's Gravitas          Tloc           #.........   100%        3    ####...
 Petrify                  Tmut/Erth      #.......     100%        4    #####..
 Metabolic Englaciation   Hex/Ice        #.........   100%        5    ######.
 Yara's Violent Unravell  Hex/Tmut       #.........   100%        5    ######.


Dungeon Overview and Level Annotations

Branches:
Dungeon (4/15)
 Temple: D:4-7

Altars:
Ashenzari
Okawaru
Xom
Zin
The Shining One


Innate Abilities, Weirdness & Mutations

You reflexively headbutt those who attack you in melee.
You have a pair of horns on your head.


Message History

You are too injured to fight recklessly!
You are too injured to fight recklessly!
You are too injured to fight recklessly!
You are too injured to fight recklessly!
You are too injured to fight recklessly!
You are too injured to fight recklessly!
An iguana is nearby!
You barely miss the iguana.
The iguana is heavily wounded.
The iguana bites you.
* * * LOW HITPOINT WARNING * * *
You closely miss the iguana. Your headbutt misses the iguana.
The iguana is heavily wounded.
You feel sick.
You are no longer poisoned.
The iguana bites you but does no damage.
You hit the iguana.
The iguana is severely wounded.
You block the iguana's attack. The iguana bites you!
You die...

#.....# #.....#....#
#.....#....#
#?....#....
#.....#...# ######
#.....#...# ##.....
#.?..l#...# #....#.
#....@#...## #....#.
#.....#....# #....#.
#.....#....# #....#.
#.....'....# #....#.
#.....#....# #....#.
#.....#...#########'#.
#.....######...##...##
#.....#.........#.....
#.....#.........#.....


You could see an iguana.

Vanquished Creatures
  A centaur skeleton (D:4)
  An orc wizard (D:3)
  An iguana (D:4)
  A worker ant (D:4)
  Robin (D:2)
  4 adders
  An ooze (D:1)
  2 worms
  A leopard gecko (D:2)
  5 orcs
  2 giant cockroaches (D:1)
  16 goblins
  8 hobgoblins
  13 jackals
  5 kobolds
  2 quokkas
  8 bats
  3 frilled lizards
  9 rats
84 creatures vanquished.

Notes
Turn   | Place    | Note
-------+----------+-------------------------------------------
     0 | D:1      | Nattfarinn the Minotaur Fighter began the quest for the
                  | Orb.
     0 | D:1      | Reached XP level 1. HP: 19/19 MP: 0/0
   103 | D:1      | Reached XP level 2. HP: 27/27 MP: 1/1
   153 | D:1      | Reached skill level 3 in Polearms
   356 | D:1      | Reached XP level 3. HP: 33/33 MP: 2/2
   592 | D:2      | Noticed Robin
   642 | D:2      | Killed Robin
   642 | D:2      | Reached XP level 4. HP: 16/40 MP: 3/3
   927 | D:2      | Found a shimmering altar of Xom.
   999 | D:2      | Reached skill level 4 in Polearms
  1090 | D:2      | Found an iron altar of Okawaru.
  1090 | D:2      | Found a shattered altar of Ashenzari.
  1096 | D:2      | Became a worshipper of Warmaster Okawaru
  1304 | D:3      | HP: 1/41 [something/puff of frost (5)]
  1312 | D:3      | HP: 2/41 [orc wizard/puff of flame (7)]
  1315 | D:3      | Reached XP level 5. HP: 36/47 MP: 4/4
  1414 | D:3      | Found a glowing silver altar of Zin.
  1414 | D:3      | Noticed an angel
  1642 | D:4      | Reached skill level 5 in Polearms
  1725 | D:4      | Found a glowing golden altar of the Shining One.
  1779 | D:4      | Slain by an iguana

Skill      XL: |  1  2  3  4  5 |
---------------+----------------+-----
Polearms       | 3 4 5 |  5.1
Fighting       | 4 |  4.8
Armour         | 4 |  4.9
Shields        | 4 |  4.8

Action                   |  1- 3 |  4- 6 || total
-------------------------+-------+-------++-------
Melee: Trident           |   107 |   130 ||   237
       Headbutt          |    11 |    13 ||    24
  Use: Potion            |     1 |     2 ||     3
  Eat: Chunk             |       |     3 ||     3
Armor: Scale mail        |    65 |    63 ||   128
Dodge: Dodged            |    48 |    23 ||    71
Block: Shield            |    64 |    58 ||   122
